 Dungeon Crawl Stone Soup version 0.29-a0-690-g32ab5fea29 (webtiles) character file.

Game seed: 9812753069911795446

2308 KristoblXynda the Carver (level 9, -1/74 HPs)
             Began as a Pale Draconian Gladiator on June 25, 2022.
             Slain by an orc warrior
             ... wielding a +0 halberd
              (13 damage)
             ... on level 7 of the Dungeon.
             The game lasted 00:08:49 (8323 turns).

KristoblXynda the Carver (Pale Draconian Gladiator) Turns: 8323, Time: 00:08:49

Health: -1/74      AC:  8    Str: 22    XL:     9   Next: 18%
Magic:  9/9        EV: 14    Int: 12    God:
Gold:   543        SH:  0    Dex: 14    Spells: 6/8 levels left

rFire   + . .      SeeInvis .   u - +2 long sword (elec)
rCold   . . .      Faith    .   (no shield)
rNeg    . . .      Spirit   .   (body armour unavailable)
rPois   .          Reflect  .   b - +1 hat
rElec   .          Harm     .   (no cloak)
rCorr   .          Rampage  .   (no gloves)
Will    .....                   (no boots)
Stlth   +.........              y - amulet of regeneration
HPRegen 1.02/turn               t - ring of protection from fire
MPRegen 0.11/turn               w - +6 ring of strength

@: short of breath
A: breathe steam, AC +7, unfitting armour, cold-blooded, steam resistance
a: Breathe Steam


You were on level 7 of the Dungeon.
You visited 1 branch of the dungeon, and saw 7 of its levels.
You also visited: Sewer.

You collected 543 gold pieces.

Inventory:

Hand Weapons
 u - a +2 long sword of electrocution (weapon)
Missiles
 c - 4 throwing nets (quivered)
 e - a javelin
 n - 6 silver javelins
Armour
 b - a +1 hat (worn)
Jewellery
 r - a +6 ring of intelligence
 t - a ring of protection from fire (left hand)
 w - a +6 ring of strength (right hand)
 y - an amulet of regeneration (around neck)
Scrolls
 a - a scroll of noise {unknown}
 h - a scroll of fear
 i - a scroll of amnesia
 j - 2 scrolls of teleportation
 m - a scroll of enchant armour
 o - a scroll of fog
 s - a scroll of summoning
Potions
 d - 3 potions of haste
 f - 3 potions of resistance
 g - 2 potions of curing
 k - a potion of ambrosia {unknown}
 l - a potion of might
 p - a potion of invisibility {unknown}
 q - a potion of attraction {unknown}
 v - a potion of heal wounds
 x - a potion of lignification {unknown}
 z - 2 potions of brilliance


   Skills:
 - Level 5.4 Fighting
 * Level 9.2 Long Blades
 - Level 2.0 Throwing
 + Level 6.2 Dodging
 + Level 3.8 Transmutations


You had 6 spell levels left.
You knew the following spells:

 Your Spells              Type           Power      Damage    Failure   Level
a - Wereblood             Tmut           9%         N/A       11%         2

Your spell library contained the following spells:

 Spells                   Type           Power      Damage    Failure   Level
 Magic Dart               Conj           0%         1d3       32%         1
 Call Imp                 Summ           0%         N/A       45%         2
 Sublimation of Blood     Necr           0%         N/A       45%         2
 Frozen Ramparts          Ice            0%         1d2       69%         3
 Mephitic Cloud           Conj/Pois/Air  0%         N/A       69%         3
 Ozocubu's Armour         Ice            0%         N/A       69%         3
 Stone Arrow              Conj/Erth      0%         3d7       69%         3
 Tukima's Dance           Hex            0%         N/A       69%         3
 Ice Form                 Ice/Tmut       4%         N/A       83%         4
 Passage of Golubria      Tloc           0%         N/A       97%         4
 Summon Ice Beast         Ice/Summ       0%         N/A       97%         4
 Yara's Violent Unravell  Hex/Tmut       2%         3d3       99%         5
 Ozocubu's Refrigeration  Ice            0%         4d5       100%        7
 Summon Hydra             Summ           0%         N/A       100%        7
 Lehudib's Crystal Spear  Conj/Erth      0%         10d2      100%        8
 Animate Armour           Summ/Erth      Unusable   N/A       N/A         4

Dungeon Overview and Level Annotations

Branches:
Dungeon (7/15)             Temple (0/1) D:7           Sewer (visited)

Altars:
Ashenzari
Dithmenos
Nemelex Xobeh
Wu Jian
Zin

Shops:
D:4 (   D:6 (   D:7 [

Portals:
Abyss: D:7

Annotations:
D:3 Sigmund


Innate Abilities, Weirdness & Mutations

You can breathe blasts of scalding, opaque steam.
Your pale cyan-grey scales are hard. (AC +7)
You cannot fit into any form of body armour.
You are cold-blooded and may be slowed by cold attacks.
You are immune to the effects of steam.


Message History

You are too injured to fight recklessly!
You are too injured to fight recklessly!
You are too injured to fight recklessly!
You are too injured to fight recklessly!
You are too injured to fight recklessly!
There are monsters nearby!
Unknown command.
Aiming: Breathe Steam (1% risk of failure)
Press: ? - help, Shift-Dir - straight line You exhale a blast of scalding steam.
The ball of steam hits the orc warrior!
The orc warrior is heavily wounded.
The orc misses you.
The orc warrior hits you with a +0 halberd!
Unknown command.
You barely miss the orc warrior.
The orc warrior is heavily wounded.
The orc misses you.
The orc warrior is engulfed in a cloud of scalding steam.
The orc warrior hits you with a +0 halberd!
* * * LOW HITPOINT WARNING * * *
Unknown command.
The orc warrior attacks as you move away!
The orc warrior barely misses you.
The orc warrior is engulfed in a cloud of scalding steam.
The orc warrior hits you from afar with a +0 halberd!
* * * LOW HITPOINT WARNING * * *
The orc attacks as you move away! The orc hits you with a +0 short sword.
* * * LOW HITPOINT WARNING * * *
The orc attacks as you move away! The orc barely misses you.
You have got your breath back.
Aiming: Breathe Steam (1% risk of failure)
Press: ? - help, Shift-Dir - straight line, f - orc
Aim: an orc, wielding a +0 short sword (71% to hit)
You exhale a blast of scalding steam.
The ball of steam hits the orc!
You kill the orc!
The ball of steam hits the orc warrior.
The orc warrior is almost dead.
The orc warrior is engulfed in a cloud of scalding steam.
The orc warrior hits you from afar with a +0 halberd!
You die...

######### #######.......#
......#.#####.#
####..#..####.####
####..#..........#
##..........#.##.#
##.#..#.[...#.##@#
##.#..#.......##§#
......##########o####
##.#### #.......#
......#######.##.##)#**
##............##..§§..#
##.##.##......#####.#>#
##....##...........§#.#***
#.....##.....####*...,!,,*


You could see an orc warrior.

Vanquished Creatures
  Grinder (D:4)
  A steam dragon (D:6)
  Pargi (Sewer)
  A black bear (D:4)
  2 ice beasts (D:6)
  An ogre (D:7)
  A phantom (D:5)
  A kobold brigand (D:7)
  A bullfrog (D:7)
  A necrophage (D:6)
  2 scorpions
  3 wights (D:6)
  10 hounds
  2 orc priests
  A jelly (D:6)
  3 iguanas
  10 orc wizards
  3 gnolls (D:7)
  A river rat (D:4)
  8 adders
  2 white imps (D:5)
  An ufetubus (D:4)
  A worm (D:4)
  4 dart slugs
  18 orcs
  8 ball pythons
  5 endoplasms
  8 giant cockroaches
  6 hobgoblins
  11 kobolds
  7 quokkas
  10 bats
  8 frilled lizards
  14 goblins
  8 rats
165 creatures vanquished.

Vanquished Creatures (others)
  A fungus (D:3)
  2 toadstools (D:3)
3 creatures vanquished.

Grand Total: 168 creatures vanquished

Notes
Turn   | Place    | Note
-------+----------+-------------------------------------------
     0 | D:1      | KristoblXynda the Draconian Gladiator began the quest for
                  | the Orb.
     0 | D:1      | Reached XP level 1. HP: 17/17 MP: 1/1
   367 | D:1      | Reached XP level 2. HP: 18/25 MP: 2/2
  1102 | D:1      | Reached XP level 3. HP: 30/30 MP: 3/3
  1445 | D:2      | Found a faded altar of an unknown god.
  2232 | D:2      | Reached XP level 4. HP: 36/38 MP: 4/4
  2387 | D:2      | Reached skill level 4 in Long Blades
  2974 | D:3      | Learned a level 2 spell: Wereblood
  2989 | D:3      | Found a glowing silver altar of Zin.
  3073 | D:3      | Reached XP level 5. HP: 17/45 MP: 5/5
  3535 | D:3      | Noticed Sigmund
  3654 | D:4      | Noticed Grinder
  3667 | D:4      | Paralysed by Grinder for 3 turns
  3679 | D:4      | Killed Grinder
  3680 | D:4      | Reached skill level 5 in Long Blades
  3680 | D:4      | Reached XP level 6. HP: 17/52 MP: 6/6
  3763 | D:4      | Found a glowing drain.
  3767 | Sewer    | Entered a sewer
  4088 | Sewer    | Noticed Pargi
  4108 | Sewer    | Killed Pargi
  4109 | Sewer    | Your scales start taking on a pale cyan-grey colour.
  4109 | Sewer    | Reached XP level 7. HP: 52/60 MP: 7/7
  4109 | Sewer    | Gained mutation: You are immune to the effects of steam.
                  | [Pale Draconian growth]
  4266 | D:4      | Reached skill level 6 in Long Blades
  4489 | D:4      | Found Gualac's Antique Weapon Boutique.
  4579 | D:4      | Reached skill level 5 in Fighting
  5681 | D:5      | Entered Level 5 of the Dungeon
  5803 | D:5      | Reached skill level 7 in Long Blades
  6167 | D:5      | Reached XP level 8. HP: 68/69 MP: 8/8
  6168 | D:5      | Reached skill level 5 in Dodging
  6513 | D:5      | Reached skill level 1 in Transmutations
  6908 | D:6      | Reached skill level 8 in Long Blades
  7299 | D:6      | Found Istanteu's Weapon Shoppe.
  7299 | D:6      | Found a broken altar of Ashenzari.
  7389 | D:6      | Found an ornate altar of the Wu Jian Council.
  7714 | D:6      | Found a sparkling altar of Nemelex Xobeh.
  7772 | D:6      | Found a shadowy altar of Dithmenos.
  7957 | D:7      | Reached XP level 9. HP: 72/74 MP: 9/9
  8039 | D:7      | Found Erulucoc's Antique Armour Shop.
  8042 | D:7      | Reached skill level 9 in Long Blades
  8095 | D:7      | Found a one-way gate to the infinite horrors of the Abyss.
  8095 | D:7      | Identified the +4 short sword of Tumult {distort, rCorr}
  8323 | D:7      | Slain by an orc warrior

Illustrated notes

Levels and vault maps discovered:
D:1:      eino_arrival_water_star, layout_basic, grunt_decor_mini_mirrors
D:2:      layout_loops_corners, hellmonk_ecumenical_altar_leap_of_faith,
          nrook_mini_vaults, patterned_corridor
D:3:      layout_basic, zin_academy, minmay_gold_behind_fungi, st_stairs_11,
          minmay_ruptured, uniq_sigmund
D:4:      layout_loops_corners, gup_sewer_entry_spiral, serial_shops,
          nicolae_shop_trees, minmay_a_box_with_orc_wizards_in_it, uniq_grinder
D:5:      layout_cave_pods, st_stairs_7, chequers_big_river, saegor_snake_ambush
D:6:      layout_cave_pods, nicolae_dithmenos_through_a_glass_darkly,
          mainiacjoe_overflow_six_doors_small, nzn_wu_jian_contemplation,
          nicolae_ashenzari_skybound, serial_shops,
          nicolae_shop_bloodbath_and_beyond, kennysheep_generic_room_16
D:7:      due_chaos_kobolds, layout_loops_cross,
          minmay_temple_entry_statues_fountains, serial_shops,
          nicolae_shop_trees

Skill      XL: |  1  2  3  4  5  6  7  8  9 |
---------------+----------------------------+-----
Throwing       | 2 |  2.0
Dodging        | 3 4 6 |  6.2
Fighting       | 3 4 5 |  5.4
Long Blades    | 4 5 7 8 9 |  9.2
Transmutations | 3 |  3.8

Action                   |  1- 3 |  4- 6 |  7- 9 || total
-------------------------+-------+-------+-------++-------
Melee: Long sword        |   150 |   138 |   254 ||   542
       Tailslap          |    14 |    14 |    41 ||    69
       Punch             |       |     1 |     3 ||     4
Throw: Javelin           |       |     5 |       ||     5
       Throwing net      |       |     1 |       ||     1
 Abil: Breathe Steam     |       |       |    16 ||    16
  Use: Scroll            |       |     4 |    12 ||    16
       Potion            |       |     4 |       ||     4
 Stab: Sleeping          |     3 |       |     3 ||     6
       Distracted        |       |     1 |       ||     1
       Held in net/web   |       |     1 |       ||     1
Armor: Skin              |    65 |    53 |    73 ||   191
Dodge: Dodged            |   100 |    79 |   206 ||   385

Table legend: (Time is in decaauts)
 A = Elapsed time spent in this place.
 B = Non-inter-level travel time spent in this place.
 C = Inter-level travel time spent in this place.
 D = Time resting spent in this place.
 E = Time spent auto-exploring this place.
 F = Levels seen in this place.
 G = Mean time per level.
                   A        B        C        D        E       F      G
               +--------+--------+--------+--------+--------+-----+--------+
         Total |   8446 |   8202 |    244 |   1736 |   5012 |   8 | 1055.8 |
       Dungeon |   8076 |   7832 |    244 |   1447 |   4995 |   7 | 1153.7 |
         Sewer |    369 |    369 |      0 |    289 |     17 |   1 |  369.0 |
               +--------+--------+--------+--------+--------+-----+--------+

Top non-repeatable levels by time:
     D:4: 1485 daAuts
     D:1: 1432 daAuts
     D:3: 1251 daAuts
     D:2: 1243 daAuts
     D:6: 1119 daAuts
     D:5: 1108 daAuts
     D:7: 436 daAuts
   Sewer: 369 daAuts
